 Dungeon Crawl Stone Soup version 0.18.1-50-g88ac8fd (webtiles) character file.

248 Eviona the Gusty (level 6, -9/32 HPs)
             Began as a Tengu Air Elementalist on Oct 26, 2016.
             Mangled by Duvessa
             ... wielding a +0 short sword
              (18 damage)
             ... on level 4 of the Dungeon.
             The game lasted 00:10:45 (3587 turns).

Eviona the Gusty (Tengu Air Elementalist)           Turns: 3587, Time: 00:10:46

Health: -9/32      AC:  7    Str:  8    XL:     6   Next: 12%
Magic:  2/10       EV: 12    Int: 17    God:
Gold:   148        SH:  0    Dex: 15    Spells: 3 memorised, 4 levels left

rFire  + . .     SeeInvis .     w - +0 quarterstaff (protect)
rCold  . . .     Gourm    .     a - +0 robe
rNeg   . . .     Faith    .     (shield currently unavailable)
rPois  .         Spirit   .     (helmet restricted)
rElec  .         Dismiss  .     (no cloak)
rCorr  .         Reflect  .     (no gloves)
SustAt .         Harm     .     (boots unavailable)
MR     .....                    (no amulet)
Stlth  ++........               (no ring)
                                h - ring of protection from fire

@: swift, very slightly contaminated, quick, not resistant to hostile
enchantments, unstealthy
A: beak, talons 3, able to fly 1
a: Fly


You were on level 4 of the Dungeon.
You were hungry.

You visited 1 branch of the dungeon, and saw 4 of its levels.

You collected 148 gold pieces.

Inventory:

Hand Weapons
 w - a +0 quarterstaff of protection (weapon)
Armour
 a - a +0 robe (worn)
Jewellery
 h - a ring of protection from fire (left hand)
 m - a +2 ring of intelligence {unknown}
 p - an uncursed amulet of guardian spirit
Scrolls
 d - 2 scrolls of enchant armour {unknown}
 e - a scroll of noise {unknown}
 f - 2 scrolls of random uselessness {unknown}
 g - 2 scrolls of magic mapping {unknown}
 i - 2 scrolls of enchant weapon {unknown}
 n - a scroll of teleportation {unknown}
 q - a scroll of amnesia {unknown}
 y - 2 scrolls of identify {unknown}
 z - a scroll of remove curse {unknown}
Potions
 j - 2 potions of curing {unknown}
 k - 2 potions of heal wounds {unknown}
 l - a potion of flight {unknown}
 o - a potion of magic {unknown}
 s - a potion of might {unknown}
 u - a potion of agility {unknown}
 v - a potion of lignification {unknown}
 x - a potion of brilliance {unknown}
Books
 b - a book of Air

   Spells                             Type                      Level
   a - Shock                          Conjuration/Air              1
   b - Swiftness                      Charms/Air                   2
   c - Repel Missiles                 Charms/Air                   2
   d - Static Discharge               Conjuration/Air              3
   e - Lightning Bolt                 Conjuration/Air              5
Comestibles
 c - 4 bread rations
 r - 2 meat rations
 t - 2 beef jerkies
 A - a slice of pizza


   Skills:
 - Level 2.2 Dodging
 - Level 2.0 Stealth
 - Level 2.0 Spellcasting
 - Level 5.2 Conjurations
 + Level 7.0 Air Magic


You had 4 spell levels left.
You knew the following spells:

 Your Spells              Type           Power        Failure   Level  Hunger
a - Shock                 Conj/Air       ###.         1%          1    #......
b - Swiftness             Chrm/Air       ##......     10%         2    ###....
c - Repel Missiles        Chrm/Air       ##....       10%         2    ###....


Dungeon Overview and Level Annotations

Branches:
Dungeon (4/15)
 Temple: D:4-7

Altars:
Ashenzari
Nemelex Xobeh

Annotations:
D:4 Duvessa


Innate Abilities, Weirdness & Mutations

You have a beak for a mouth.
You have claws for feet.
You can fly.


Message History

Found a ring mail.
Casting: Shock
Confirm with . or Enter, or press ? or * to list all spells.
Aiming: Shock
Press: ? - help, Shift-Dir - straight line, f/p - Duvessa
Aim: Duvessa, wielding a short sword (moderately wounded, berserk, fast, unusually strong)
The zap hits Duvessa.
Duvessa is moderately wounded.
Duvessa hits you with a short sword.
* * * LOW HITPOINT WARNING * * *
Duvessa hits you but does no damage.
Casting: Shock
Confirm with . or Enter, or press ? or * to list all spells.
Okay, then.
Casting: Shock
Confirm with . or Enter, or press ? or * to list all spells.
You feel quick. Duvessa barely misses you.
Duvessa hits you with a short sword!!
Ouch! That really hurt!
You die...

#.....#....#
.#######.....>...
................[
......<.$........
........)........
........<........
.................
.......e.........
.......@.........
.................
..?..............
#################


You could see Duvessa (berserk).

Vanquished Creatures
  Dowan (D:4)
  An orc wizard (D:3)
  An orc priest (D:4)
  3 gnolls (D:3)
  4 adders
  An ooze (D:2)
  2 dart slugs (D:1)
  7 giant geckos
  6 orcs
  4 bats
  A giant cockroach (D:3)
  7 goblins
  6 hobgoblins
  2 jackals (D:1)
  2 quokkas
  4 giant newts
  5 kobolds
  7 rats
64 creatures vanquished.

Notes
Turn   | Place    | Note
--------------------------------------------------------------
     0 | D:1      | Eviona the Tengu Air Elementalist began the quest for the Orb.
     0 | D:1      | Reached XP level 1. HP: 10/10 MP: 4/4
   264 | D:1      | Reached XP level 2. HP: 15/15 MP: 4/6
  1378 | D:2      | Reached XP level 3. HP: 17/19 MP: 1/7
  1452 | D:2      | Learned a level 2 spell: Swiftness
  1455 | D:2      | Learned a level 2 spell: Repel Missiles
  2039 | D:2      | Reached XP level 4. HP: 24/24 MP: 5/8
  2125 | D:2      | Reached skill level 5 in Conjurations
  2355 | D:3      | Noticed an ogre
  2411 | D:3      | Found a shattered altar of Ashenzari.
  2726 | D:3      | Reached skill level 5 in Air Magic
  2858 | D:3      | Found a sparkling altar of Nemelex Xobeh.
  2862 | D:3      | Gained mutation: You can fly. [Tengu growth]
  2862 | D:3      | Reached XP level 5. HP: 28/28 MP: 5/9
  3304 | D:4      | Noticed Duvessa
  3388 | D:4      | Reached skill level 6 in Air Magic
  3522 | D:4      | Noticed Dowan
  3535 | D:4      | Killed Dowan
  3535 | D:4      | Reached skill level 7 in Air Magic
  3535 | D:4      | Reached XP level 6. HP: 28/32 MP: 0/10
  3587 | D:4      | Mangled by Duvessa

Skill      XL: |  1  2  3  4  5 |
---------------+----------------+-----
Conjurations   | 2 3 4 5 |  5.2
Air Magic      | 5 7 |  7.0
Dodging        | |  2.2
Stealth        | |  2.0
Spellcasting   | |  2.0

Action                   |  1- 3 |  4- 6 || total
-------------------------+-------+-------++-------
Melee: Unarmed           |     3 |       ||     3
       Quarterstaff      |       |    22 ||    22
       Peck              |       |     5 ||     5
       Kick              |       |     4 ||     4
 Cast: Shock             |    55 |    76 ||   131
       Swiftness         |       |     1 ||     1
 Stab: Sleeping          |       |     1 ||     1
  Eat: Chunk             |     4 |     6 ||    10
Armor: Robe              |     4 |    11 ||    15
Dodge: Dodged            |    26 |    14 ||    40
